 Dungeon Crawl Stone Soup version 0.21-a0-552-g593960d (webtiles) character file.

76 tidbits the Digger (level 4, 0/32 HPs)
             Began as a Gnoll Earth Elementalist on Dec 17, 2017.
             Slain by an orc
             ... wielding a cursed +0 trident
              (7 damage)
             ... on level 4 of the Dungeon.
             The game lasted 00:02:56 (343 turns).

tidbits the Digger (Gnoll Earth Elementalist)        Turns: 343, Time: 00:02:56

Health: 0/32       AC:  2    Str: 11    XL:     4   Next: 32%
Magic:  11/11      EV: 20    Int: 18    God:
Gold:   30         SH:  0    Dex: 20    Spells: 7/13 levels left

rFire    + . .     SeeInvis .   h - +0 short sword
rCold    . . .     Gourm    .   (no shield)
rNeg     . . .     Faith    .   c - +0 robe
rPois    .         Spirit   .   (no helmet)
rElec    .         Reflect  .   (no cloak)
rCorr    .         Harm     .   (no gloves)
MR       .....                  (no boots)
Stlth    ++++......             (no amulet)
HPRegen  0.10/turn              n - ring of protection from fire
MPRegen  0.12/turn              (no ring)

@: agile, lethally poisoned (0 -> -7)
A: distributed training, fangs 1, strong nose
a: no special abilities


You were on level 4 of the Dungeon.
You were not hungry.

You visited 1 branch of the dungeon, and saw 4 of its levels.

You collected 30 gold pieces.

Inventory:

Hand Weapons
 a - a +0 spear
 h - a +0 short sword (weapon)
Missiles
 b - 31 stones (quivered)
 p - 37 arrows
 q - 35 bolts
Armour
 c - a +0 robe (worn)
Jewellery
 n - a ring of protection from fire (left hand)
   (You found it on level 1 of the Dungeon)
Scrolls
 l - a scroll of identify {unknown}
 m - a scroll of random uselessness {unknown}
 r - a scroll of remove curse
Potions
 g - a potion of agility
 i - a potion of curing {unknown}
 j - a potion of brilliance {unknown}
 t - a potion of resistance {unknown}
Books
 e - a book of Geomancy

   Spells                             Type                      Level
   a - Sandblast                      Earth                        1
   b - Passwall                       Transmutation/Earth          2
   c - Stone Arrow                    Conjuration/Earth            3
   d - Petrify                        Transmutation/Earth          4
   e - Lee's Rapid Deconstruction     Earth                        5
Comestibles
 d - 2 bread rations
 k - a royal jelly
 o - 3 fruits
 s - a meat ration


   Skills:
 + Level 1.1 Fighting
 + Level 1.1 Short Blades
 + Level 1.1 Long Blades
 + Level 1.1 Axes
 + Level 1.1 Maces & Flails
 + Level 1.1 Polearms
 + Level 1.1 Staves
 + Level 1.1 Slings
 + Level 1.1 Bows
 + Level 1.1 Crossbows
 + Level 1.1 Throwing
 + Level 1.1 Armour
 + Level 4.6 Dodging
 + Level 4.2 Stealth
 + Level 1.1 Shields
 + Level 1.1 Unarmed Combat
 + Level 5.0 Spellcasting
 + Level 0.8 Conjurations
 + Level 0.8 Hexes
 + Level 0.8 Charms
 + Level 0.8 Summonings
 + Level 0.8 Necromancy
 + Level 0.8 Translocations
 + Level 2.2 Transmutations
 + Level 0.8 Fire Magic
 + Level 0.8 Ice Magic
 + Level 0.8 Air Magic
 + Level 5.4 Earth Magic
 + Level 0.8 Poison Magic
 + Level 1.2 Invocations
 + Level 1.1 Evocations


You had 7 spell levels left.
You knew the following spells:

 Your Spells              Type           Power        Failure   Level  Hunger
a - Sandblast             Erth           ###...       1%          1    None
s - Stone Arrow           Conj/Erth      ###...       11%         3    ##.....
w - Passwall              Tmut/Erth      ###.......   4%          2    #......


Dungeon Overview and Level Annotations

Branches:
Dungeon (4/15)
 Temple: D:4-7

Altars:
Zin


Innate Abilities, Weirdness & Mutations

Your experience applies equally to all skills.
You have very sharp teeth.
Your uncanny sense of smell can sniff out nearby items.


Message History

Confirm with . or Enter, or press ? or * to list all spells.
Aiming: Sandblast
Press: ? - help, Shift-Dir - straight line, f/p - orc wizard
Aim: an orc wizard, wielding a dagger and wearing a robe The blast of sand hits the worker ant.
The worker ant is heavily wounded.
b - 37 stones You feel sick.
The worker ant bites you but does no damage.
Casting: Sandblast
Confirm with . or Enter, or press ? or * to list all spells.
Aiming: Sandblast
Press: ? - help, Shift-Dir - straight line, f/p - orc wizard
Aim: an orc wizard, wielding a dagger and wearing a robe The blast of sand hits the worker ant.
The worker ant is heavily wounded.
b - 36 stones
* * * LOW HITPOINT WARNING * * *
You feel sick. The worker ant barely misses you.
Casting: Sandblast
Confirm with . or Enter, or press ? or * to list all spells.
Aiming: Sandblast
Press: ? - help, Shift-Dir - straight line, f/p - orc wizard
Aim: an orc wizard, wielding a dagger and wearing a robe The blast of sand hits the worker ant.
You kill the worker ant!
Your Spellcasting skill increases to level 5!
Your Invocations skill increases to level 1!
b - 35 stones
* * * LOW HITPOINT WARNING * * *
You feel sick.
Casting: Sandblast
Confirm with . or Enter, or press ? or * to list all spells.
Aiming: Sandblast
Press: ? - help, Shift-Dir - straight line, f/p - orc wizard
Aim: an orc wizard, wielding a dagger and wearing a robe The blast of sand hits the orc wizard.
The orc wizard is almost dead.
b - 34 stones The orc wizard misses you.
The orc hits you from afar with a trident.
* * * LOW HITPOINT WARNING * * *
Okay, then.
Unknown command.
It was a potion of agility.
You feel agile all of a sudden.
* * * LOW HITPOINT WARNING * * *
You feel sick. The orc wizard closely misses you.
The orc completely misses you.
Casting: Sandblast
Confirm with . or Enter, or press ? or * to list all spells.
Aiming: Sandblast
Press: ? - help, Shift-Dir - straight line, f - orc, p - orc wizard
Aim: an orc, wielding a trident The blast of sand hits the orc wizard.
The orc wizard is almost dead.
b - 33 stones
* * * LOW HITPOINT WARNING * * *
You feel sick.
Casting: Sandblast
Confirm with . or Enter, or press ? or * to list all spells.
Aiming: Sandblast
Press: ? - help, Shift-Dir - straight line, f/p - orc
Aim: an orc, wielding a trident The blast of sand hits the orc.
You kill the orc!
b - 32 stones
* * * LOW HITPOINT WARNING * * *
You feel sick. The orc closely misses you.
The orc wizard hits you with a dagger.
* * * LOW HITPOINT WARNING * * *
Casting: Sandblast
Confirm with . or Enter, or press ? or * to list all spells.
Aiming: Sandblast
Press: ? - help, Shift-Dir - straight line, f - orc wizard, p - orc
Aim: an orc wizard, wielding a dagger and wearing a robe (almost dead)
The blast of sand hits the orc wizard.
You kill the orc wizard!
Your Fighting skill increases to level 1!
Your Short Blades skill increases to level 1!
Your Long Blades skill increases to level 1!
Your Axes skill increases to level 1!
Your Maces & Flails skill increases to level 1!
Your Polearms skill increases to level 1!
Your Staves skill increases to level 1!
Your Slings skill increases to level 1!
Your Bows skill increases to level 1!
Your Crossbows skill increases to level 1!
Your Throwing skill increases to level 1!
Your Armour skill increases to level 1!
Your Shields skill increases to level 1!
Your Unarmed Combat skill increases to level 1!
Your Evocations skill increases to level 1!
You have reached level 4!
You feel stronger.
b - 31 stones
* * * LOW HITPOINT WARNING * * *
You feel sick. The orc misses you.
It was a potion of magic.
Magic courses through your body.
The orc hits you from afar with a trident!
You die...

###### ∆ #....#
#....# #....#
#....#### ∆
######....'.<#
........)@####
#..#####)##
.≈.≈.≈.≈o.o...o.∆
...#...#..#####
≈.≈.≈ ≈.# ∆
#...#. .##
≈.≈.≈.≈ ≈# ...#
.. .# ≈.≈ ≈.≈ ≈#


You could see an orc.

Vanquished Creatures
  An orc wizard (D:4)
  A worker ant (D:4)
  An adder (D:2)
  An ooze (D:1)
  A leopard gecko (D:2)
  An orc (D:4)
  4 goblins
  A bat (D:1)
  A kobold (D:3)
  2 rats (D:1)
14 creatures vanquished.

Notes
Turn   | Place    | Note
-------+----------+-------------------------------------------
     0 | D:1      | tidbits the Gnoll Earth Elementalist began the quest for the Orb.
     0 | D:1      | Reached XP level 1. HP: 13/13 MP: 6/6
   103 | D:2      | Reached skill level 2 in Transmutations
   103 | D:2      | Reached XP level 2. HP: 20/20 MP: 7/7
   133 | D:1      | Learned a level 2 spell: Passwall
   213 | D:2      | Found a glowing silver altar of Zin.
   248 | D:3      | Reached XP level 3. HP: 25/25 MP: 5/9
   253 | D:3      | Learned a level 3 spell: Stone Arrow
   337 | D:4      | Reached skill level 5 in Spellcasting
   337 | D:4      | Reached skill level 1 in Invocations
   342 | D:4      | Reached skill level 1 in Fighting
   342 | D:4      | Reached skill level 1 in Short Blades
   342 | D:4      | Reached skill level 1 in Long Blades
   342 | D:4      | Reached skill level 1 in Axes
   342 | D:4      | Reached skill level 1 in Maces & Flails
   342 | D:4      | Reached skill level 1 in Polearms
   342 | D:4      | Reached skill level 1 in Staves
   342 | D:4      | Reached skill level 1 in Slings
   342 | D:4      | Reached skill level 1 in Bows
   342 | D:4      | Reached skill level 1 in Crossbows
   342 | D:4      | Reached skill level 1 in Throwing
   342 | D:4      | Reached skill level 1 in Armour
   342 | D:4      | Reached skill level 1 in Shields
   342 | D:4      | Reached skill level 1 in Unarmed Combat
   342 | D:4      | Reached skill level 1 in Evocations
   342 | D:4      | Reached XP level 4. HP: 8/32 MP: 0/11
   343 | D:4      | Slain by an orc

Vault maps used:
D:1:      kennysheep_arrival_seaside
D:2:      marbit_many_paths, nicolae_gozag_seed_capital, minmay_octomino_j4
D:4:      minmay_temple_entry_grid, serial_shops,
          nicolae_shop_competitors_out_of_business,
          cheibrodos_sewer_entry_sluice, minmay_misc_feat_cross,
          kennysheep_crisscross, moated_statue, okawaru_trees_1

Skill      XL: |  1  2  3 |
---------------+----------+-----
Transmutations | 2 |  2.2
Spellcasting   | 5 |  5.0
Invocations    | 1 |  1.2
Fighting       | 1 |  1.1
Short Blades   | 1 |  1.1
Long Blades    | 1 |  1.1
Axes           | 1 |  1.1
Maces & Flails | 1 |  1.1
Polearms       | 1 |  1.1
Staves         | 1 |  1.1
Slings         | 1 |  1.1
Bows           | 1 |  1.1
Crossbows      | 1 |  1.1
Throwing       | 1 |  1.1
Armour         | 1 |  1.1
Shields        | 1 |  1.1
Unarmed Combat | 1 |  1.1
Evocations     | 1 |  1.1
Dodging        | |  4.6
Stealth        | |  4.2
Conjurations   | |  0.8
Hexes          | |  0.8
Charms         | |  0.8
Summonings     | |  0.8
Necromancy     | |  0.8
Translocations | |  0.8
Fire Magic     | |  0.8
Ice Magic      | |  0.8
Air Magic      | |  0.8
Earth Magic    | |  5.4
Poison Magic   | |  0.8

Action                   |  1- 3 |  4- 6 || total
-------------------------+-------+-------++-------
Melee: Short sword       |     3 |       ||     3
 Cast: Sandblast         |    20 |     1 ||    21
       Passwall          |     1 |       ||     1
  Use: Potion            |     1 |     1 ||     2
       Scroll            |     1 |       ||     1
 Stab: Sleeping          |     2 |       ||     2
Armor: Robe              |     1 |       ||     1
Dodge: Dodged            |     7 |     1 ||     8

Table legend:
 A = Spawn XP
 B = Non-spawn XP
 C = Spawn XP percentage of total XP
 D = Spawn monster count
 E = Non-spawn monster count
 F = Spawn count percentage of total count
 G = Total turns spent on level
                    A         B        C        D         E        F      G
               +---------+---------+-------+---------+---------+-------+---------
         Total |       0 |     109 |   0.0 |       0 |      14 |   0.0 |   343
               +---------+---------+-------+---------+---------+-------+---------
           D:1 |       0 |      14 |   0.0 |       0 |       6 |   0.0 |   146
           D:2 |       0 |      18 |   0.0 |       0 |       3 |   0.0 |    95
           D:3 |       0 |       2 |   0.0 |       0 |       2 |   0.0 |    78
           D:4 |       0 |      75 |   0.0 |       0 |       3 |   0.0 |    24
               +---------+---------+-------+---------+---------+-------+---------

Table legend:
 A = Turns spent in this place as a percentage of turns spent in the entire game.
 B = Non-inter-level travel turns spent in this place as a percentage of non-inter-level travel turns spent in the entire game.
 C = Inter-level travel turns spent in this place as a percentage of turns spent in this place.
 D = Turns resting spent in this place as a percentage of non-inter-level travel turns spent in this place.
 E = Turns spent auto-exploring this place as a percentage of non-inter-level travel turns spent in this place.
 F = Non-inter-level travel turns spent in this place divided by the number of levels of this place that you've seen.
                   A       B       C       D       E      F
               +-------+-------+-------+-------+-------+----------------------
         Total | 100.0 | 100.0 |   0.0 |   0.0 |   0.0 |  85.8
       Dungeon | 100.0 | 100.0 |   0.0 |   0.0 |   0.0 |  85.8
               +-------+-------+-------+-------+-------+----------------------

Table legend:
 A = Kills in this place as a percentage of kills in entire the game.
 B = Kills by you in this place as a percentage of kills by you in the entire game.
 C = Kills by friends in this place as a percentage of kills by friends in the entire game.
 D = Other kills in this place as a percentage of other kills in the entire game.
 E = Experience gained in this place as a percentage of experience gained in the entire game.
 F = Experience gained in this place divided by the number of levels of this place that you have seen.
                   A       B       C       D       E      F
               +-------+-------+-------+-------+-------+----------------------
         Total | 100.0 | 100.0 |   N/A |   N/A | 100.0 |  27.2
       Dungeon | 100.0 | 100.0 |   N/A |   N/A | 100.0 |  27.2
               +-------+-------+-------+-------+-------+----------------------

Vault maps used:
D:1:      kennysheep_arrival_seaside
D:2:      marbit_many_paths, nicolae_gozag_seed_capital, minmay_octomino_j4
D:4:      minmay_temple_entry_grid, serial_shops,
          nicolae_shop_competitors_out_of_business,
          cheibrodos_sewer_entry_sluice, minmay_misc_feat_cross,
          kennysheep_crisscross, moated_statue, okawaru_trees_1
